 Dungeon Crawl Stone Soup version 0.24.0-125-gc4c63601f3 (webtiles) character file.

Game seed: 1634464517676305140, levelgen mode: deterministic

8806 BuffBuff the Cleaver (level 11, -15/101 HPs)
             Began as a Minotaur Berserker on Mar 19, 2020.
             Was a High Priest of Trog.
             Demolished by a two-headed ogre
             ... wielding a +0 giant spiked club
             ... summoned by an orange crystal statue
              (23 damage)
             ... on level 9 of the Dungeon.
             The game lasted 00:22:14 (9256 turns).

BuffBuff the Cleaver (Minotaur Berserker)           Turns: 9256, Time: 00:22:15

Health: -15/101    AC: 15    Str: 29    XL:     11   Next: 14%
Magic:  8/10       EV: 15    Int:  4    God:    Trog [*****.]
Gold:   478        SH:  0    Dex: 10    Spells: 10/10 levels left

rFire    . . .     SeeInvis .   y - +2 falchion (flame)
rCold    . . .     Gourm    .   (no shield)
rNeg     . . .     Faith    .   n - +8 ring mail of the King of the Hill {Str+4}
rPois    .         Spirit   .   (helmet restricted)
rElec    .         Reflect  .   t - scarf {repulsion}
rCorr    .         Harm     .   (no gloves)
MR       .....                  (no boots)
Stlth    +.........             (no amulet)
HPRegen  0.26/turn              f - ring of flight
MPRegen  0.12/turn              h - ring of stealth

@: lightly drained, repel missiles
A: retaliatory headbutt, horns 2
a: Berserk, Trog's Hand, Brothers in Arms, Renounce Religion, Evoke Flight


You were on level 9 of the Dungeon.
You worshipped Trog.
Trog was extremely pleased with you.
You were not hungry.

You visited 1 branch of the dungeon, and saw 9 of its levels.

You collected 478 gold pieces.

Inventory:

Hand Weapons
 y - a +2 falchion of flaming (weapon)
 B - a +2 mace of protection
Missiles
 x - 9 poisoned darts (quivered)
Armour
 k - a +0 cloak
 n - the +8 ring mail of the King of the Hill (worn) {Str+4}
   (You found it on level 6 of the Dungeon)

   It affects your strength (+4).
 t - a scarf of repulsion (worn)
 z - a +0 plate armour
 C - a +1 chain mail of poison resistance
Jewellery
 b - an uncursed ring of magical power
 f - a ring of flight (left hand)
 h - a ring of stealth (right hand)
 u - an uncursed ring of magical power
 E - an uncursed amulet of regeneration {unknown}
Wands
 d - a wand of acid (14)
 i - a wand of disintegration (9)
 s - a wand of iceblast (18)
Scrolls
 e - 10 scrolls of remove curse
 l - 2 scrolls of enchant weapon
 m - a scroll of fear
 v - 2 scrolls of silence
 D - 2 scrolls of teleportation
 F - 2 scrolls of identify
Potions
 g - a potion of brilliance
 j - 2 potions of lignification {unknown}
 o - 5 potions of curing
 p - a potion of cancellation {unknown}
 q - a potion of flight
 r - a potion of might {unknown}
 w - 3 potions of agility
 A - a potion of heal wounds
Comestibles
 c - 23 rations


   Skills:
 + Level 10.5(10.0) Fighting
   Level 12.1(11.7) Axes
 + Level 10.2(9.8) Armour
 + Level 9.3(8.9) Dodging


You had 10 spell levels left.
You didn't know any spells.
Your spell library was empty.

Dungeon Overview and Level Annotations

Branches:
Dungeon (9/15)             Temple (0/1) D:7            Lair (0/6) D:8
    Orc: D:9-12

Altars:
Ashenzari
Cheibriados
Elyvilon
Fedhas
Gozag
Makhleb
Nemelex Xobeh
Okawaru
Qazlal
Ru
Trog
Uskayaw
Yredelemnul

Annotations:
D:9 4 runed translucent doors, exclusion: 4 orange crystal statues, hitsuchi's ghost, journeyman HOFE


Innate Abilities, Weirdness & Mutations

You reflexively headbutt those who attack you in melee.
You have a pair of horns on your head.


Message History

a +0 flail; a +0 dagger; a +0 robe The crimson imp blinks!
Items here: )) [[ a +0 dagger; a +0 robe; a +0 scimitar; a +0 chain mail You closely miss the crimson imp.
Your headbutt misses the crimson imp.
The crimson imp shouts, "Return whence thou came, thou worthless boil-brained walking sirloin!"
The crimson imp blinks!
You slash the crimson imp!
The crimson imp is heavily wounded.
The crimson imp closely misses you.
The two-headed ogre hits you with a +0 giant spiked club!!
* * * LOW HITPOINT WARNING * * *
The two-headed ogre closely misses you.
You hit the crimson imp but do no damage.
You headbutt the crimson imp.
The crimson imp is almost dead.
The crimson imp closely misses you.
You riposte.
You hit the crimson imp.
You kill the crimson imp!
The two-headed ogre hits you with a +0 giant spiked club!!
You die...

#........(.......#..##.#.#
#..#.#.#.#.8.....#...#.#.#
##_#######_########..#.#.# ###
### #.>#.#.# ##.#.#[#
######.#.#.# #......#.#.#
###################.######.#.####
#..........so)aO@.)........#..##%
#.#################.###########..
..........# #.##########.#K
#.#######.# #..........#⌠.# #.#
#.# ##########.#K#K #.# #.#
#.##KW #.# #.# #..##+ #.#######.#
#..... #..)[.....# #.....


You could see a two-headed ogre, a scorpion, a worker ant and an orc.

Vanquished Creatures
  A hydra (D:9)
  2 two-headed ogres
  A cyclops (D:9)
  A manticore (D:8)
  The ghost of eodem the Skirmisher, an amateur HOFi of Beogh (D:6)
  A troll (D:8)
  2 dream sheep (D:9)
  2 yaks (D:9)
  A water moccasin (D:5)
  Duvessa (D:6)
  A hornet zombie (D:8)
  4 ice beasts
  2 sky beasts
  3 black bears (D:8)
  4 orc warriors
  2 phantoms
  5 ogres
  5 wolves (D:8)
  2 centaurs
  3 big kobolds (D:9)
  A bullfrog (D:6)
  6 killer bees
  Dowan (D:6)
  5 scorpions
  2 electric eels (D:8)
  4 howler monkeys
  2 crimson imps
  A centaur zombie (D:6)
  3 orc priests (D:9)
  5 hounds
  4 jellies
  2 bullfrog skeletons
  A centaur skeleton (D:7)
  10 orc wizards
  8 iguanas
  2 worker ants
  A hound skeleton (D:8)
  2 worker ant zombies
  4 adders
  2 oozes
  A dart slug (D:2)
  2 leopard geckos
  24 orcs
  6 giant cockroaches
  8 goblins
  10 hobgoblins
  10 jackals
  5 quokkas
  4 bats
  3 frilled lizards
  8 kobolds
  A quokka skeleton (D:8)
  6 rats
198 creatures vanquished.

Vanquished Creatures (others)
  An orc wizard (D:9)
  2 plants (D:9)
3 creatures vanquished.

Grand Total: 201 creatures vanquished

Notes
Turn   | Place    | Note
-------+----------+-------------------------------------------
     0 | D:1      | BuffBuff the Minotaur Berserker began the quest for the
                  | Orb.
     0 | D:1      | Reached XP level 1. HP: 19/19 MP: 0/0
   189 | D:1      | Reached XP level 2. HP: 24/27 MP: 1/1
   348 | D:1      | Reached skill level 4 in Axes
  1102 | D:2      | Reached XP level 3. HP: 26/33 MP: 2/2
  1256 | D:2      | Found a sacrificial altar of Ru.
  1272 | D:2      | Reached XP level 4. HP: 30/40 MP: 3/3
  1422 | D:2      | Reached ** piety under Trog
  1465 | D:2      | Found a stormy altar of Qazlal.
  2140 | D:3      | Found a burning altar of Makhleb.
  2140 | D:3      | Found a shattered altar of Ashenzari.
  2142 | D:3      | Found a basalt altar of Yredelemnul.
  2241 | D:3      | Reached skill level 5 in Axes
  2531 | D:4      | Found an iron altar of Okawaru.
  2556 | D:4      | Found a hide-covered altar of Uskayaw.
  2556 | D:4      | Noticed a +0 hand axe
  2556 | D:4      | Noticed a +0 dagger
  2585 | D:4      | Noticed an ogre
  2593 | D:4      | Killed an ogre
  2593 | D:4      | Reached XP level 5. HP: 47/47 MP: 4/4
  2969 | D:4      | Reached XP level 6. HP: 33/55 MP: 5/5
  3218 | D:5      | Entered Level 5 of the Dungeon
  3466 | D:5      | Noticed an ice beast
  3480 | D:5      | Killed an ice beast
  3480 | D:5      | Reached skill level 5 in Fighting
  3480 | D:5      | Reached skill level 6 in Axes
  3629 | D:5      | Noticed a water moccasin
  3640 | D:5      | Killed a water moccasin
  3640 | D:5      | Reached XP level 7. HP: 43/61 MP: 6/6
  4173 | D:6      | Noticed Duvessa
  4238 | D:6      | Noticed Dowan
  4247 | D:6      | Killed Dowan
  4247 | D:6      | Reached skill level 7 in Axes
  4258 | D:6      | Killed Duvessa
  4258 | D:6      | Reached skill level 5 in Armour
  4807 | D:6      | Found a blossoming altar of Fedhas.
  4833 | D:6      | Reached *** piety under Trog
  4833 | D:6      | Reached XP level 8. HP: 62/70 MP: 7/7
  4836 | D:6      | Found a white marble altar of Elyvilon.
  4845 | D:6      | Reached skill level 5 in Dodging
  4862 | D:6      | Reached skill level 8 in Axes
  4911 | D:6      | Got a transparent ring mail
  4921 | D:6      | Identified the +8 ring mail of the King of the Hill {Str+4}
                  | (You found it on level 6 of the Dungeon)
  5115 | D:6      | Found a large runed translucent door.
  5115 | D:6      | Found a large runed translucent door.
  5189 | D:6      | Noticed eodem's ghost (amateur HOFi)
  5207 | D:6      | Killed eodem's ghost
  5465 | D:7      | Reached skill level 9 in Axes
  5564 | D:7      | Reached XP level 9. HP: 72/79 MP: 8/8
  5790 | D:7      | Found a staircase to the Ecumenical Temple.
  5822 | D:7      | Found a sparkling altar of Nemelex Xobeh.
  6094 | D:8      | Noticed a troll
  6108 | D:8      | Killed a troll
  6156 | D:8      | Reached **** piety under Trog
  6476 | D:7      | Identified a scroll of acquirement
  6477 | D:7      | Found the +8 Wrath of Trog {antimagic, *Rage}
  6571 | D:8      | Reached skill level 10 in Axes
  6683 | D:8      | Found an opulent altar of Gozag.
  6858 | D:8      | Found a staircase to the Lair.
  6997 | D:8      | Noticed a manticore
  7006 | D:8      | Reached XP level 10. HP: 91/91 MP: 6/9
  7009 | D:8      | Killed a manticore
  7063 | D:8      | Noticed a two-headed ogre
  7070 | D:8      | Killed a two-headed ogre
  7128 | D:8      | Reached skill level 11 in Axes
  7571 | D:9      | Noticed a cyclops
  7579 | D:9      | Killed a cyclops
  7865 | D:9      | Noticed a two-headed hydra
  7876 | D:9      | Killed a seven-headed hydra
  7876 | D:9      | Reached skill level 10 in Fighting
  7877 | D:9      | Reached skill level 12 in Axes
  7913 | D:9      | Reached ***** piety under Trog
  8240 | D:9      | Reached XP level 11. HP: 82/100 MP: 7/10
  8329 | D:9      | Found a bloodstained altar of Trog.
  8339 | D:9      | Found a sparkling altar of Nemelex Xobeh.
  8344 | D:9      | Found a snail-covered altar of Cheibriados.
  8414 | D:9      | Found a runed translucent gate.
  8414 | D:9      | Found a runed translucent gate.
  8414 | D:9      | Found a runed translucent gate.
  8415 | D:9      | Noticed hitsuchi's ghost (journeyman HOFE)
  8415 | D:9      | Identified the +11 dagger "Kytsolic" {venom, *Drain rElec
                  | rC++ Int+3}
  8473 | D:9      | Noticed a two-headed ogre
  8481 | D:9      | Killed a two-headed ogre
  8481 | D:9      | Reached skill level 10 in Armour
  8647 | D:9      | Found a runed translucent door.
  8650 | D:9      | Found the +10 large shield of Ignorance {rN+ Int-4}
  8719 | D:9      | Found a runed translucent door.
  8748 | D:9      | Noticed an orange crystal statue
  9184 | D:9      | Noticed an orange crystal statue
  9184 | D:9      | Noticed an orange crystal statue
  9184 | D:9      | Noticed an orange crystal statue
  9188 | D:9      | Noticed a two-headed ogre
  9256 | D:9      | Demolished by a two-headed ogre

Levels and vault maps discovered:
D:1:      erik_arrival_triangle_large, layout_rooms, st_stairs_3,
          kennysheep_small_spiral
D:2:      layout_loops_ring, nicolae_ru_great_annihilating_truth,
          nicolae_qazlal_general_emergency
D:3:      layout_basic, grunt_temple_overflow_open
D:4:      layout_gridville, nicolae_overflow_crystal_walls,
          dancing_weapons_uskayaw, first_ration
D:5:      layout_basic, minmay_misc_feat_square, grunt_ministairs_12
D:6:      layout_loops_ring, elyvilon_altar_5, lemuel_doored_altar,
          ebering_ghost_disaster_area, uniq_duvessa
D:7:      layout_basic, minmay_temple_entry_overgrown,
          nemelex_xobeh_ov_fountains_minmay
D:8:      lemuel_upstairs_altar, layout_gridville, kennysheep_mini,
          erik_lair_island
D:9:      layout_basic, minitemple, gammafunk_ghost_nasty_kobolds,
          hangedman_ranch [blue_anna_fruit_fields],
          chequers_guarded_unrand_ignorance

Skill      XL: |  1  2  3  4  5  6  7  8  9 10 11 |
---------------+----------------------------------+-----
Axes           | 4 5 6 7 9 10 12 | 12.1
Fighting       | 4 5 6 7 9 10 | 10.5
Armour         | 3 4 5 6 8 9 10 | 10.2
Dodging        | 3 4 6 7 9 |  9.3

Action                   |  1- 3 |  4- 6 |  7- 9 | 10-12 || total
-------------------------+-------+-------+-------+-------++-------
Melee: Hand axe          |    62 |    97 |   133 |       ||   292
       Headbutt          |     9 |    22 |    46 |    29 ||   106
       Mace              |       |       |   105 |       ||   105
       Battleaxe         |       |       |    18 |    75 ||    93
       Falchion          |       |       |       |    60 ||    60
Invok: Berserk           |       |       |     5 |       ||     5
  Use: Scroll            |       |    12 |    10 |       ||    22
 Stab: Invisible         |     1 |       |       |       ||     1
       Paralysed         |       |     2 |       |       ||     2
       Sleeping          |       |       |     2 |     1 ||     3
       Distracted        |       |       |     1 |       ||     1
  Eat: Chunk             |     1 |     7 |     9 |     8 ||    25
       Ration            |       |       |     2 |       ||     2
Armor: Animal skin       |     5 |       |       |       ||     5
       Scale mail        |     7 |    32 |    14 |       ||    53
       Chain mail        |       |       |    15 |       ||    15
       Ring mail         |       |       |   105 |    52 ||   157
Dodge: Dodged            |    33 |    47 |   181 |   102 ||   363
       Deflected         |       |       |       |     3 ||     3
       Rpst.: Falchion   |       |       |       |    11 ||    11
